 Dungeon Crawl Stone Soup version 0.28-a0-1518-gbe868bca14 (webtiles) character file.

Game seed: 7252135294080033274

348099 sanka the Gnoll Aeon (level 22, -12/174 HPs)
             Began as a Gnoll Wanderer on Jan 15, 2022.
             Was the Champion of Cheibriados.
             Killed from afar by a living spell (70 damage)
             ... with a crystal spear
             ... summoned by a walking crystal tome
             ... on level 1 of the Depths on Jan 16, 2022.
             The game lasted 03:10:00 (69931 turns).

sanka the Gnoll Aeon (Gnoll Wanderer)              Turns: 69931, Time: 03:10:06

Health: -12/174    AC: 21    Str: 29    XL:     22   Next: 16%
Magic:  5/50       EV: 40    Int: 35    God:    Cheibriados [******]
Gold:   490        SH:  0    Dex: 31    Spells: 3/51 levels left

rFire   + . .      SeeInvis +     - Unarmed
rCold   + . .      Faith    +   (shield currently unavailable)
rNeg    . . .      Spirit   .   (armour currently unavailable)
rPois   ∞          Reflect  .   (helmet currently unavailable)
rElec   +          Harm     .   (cloak currently unavailable)
rCorr   .          Rampage  .   (gloves currently unavailable)
Will    +....                   (boots currently unavailable)
Stlth   +++++++...              R - amulet of faith
HPRegen 0.39/turn               U - ring "Ellov" {rF+ MP+9 Int+4 SInv}
MPRegen 0.32/turn               k - ring of Agugew {Wiz rC+}

@: storm-form (expiring), flying, very slow
A: cleaving, flying, (fangs 1), strong nose, distributed training, wild magic 1
}: 2/15 runes: serpentine, barnacled
a: Blinkbolt, End Transformation, Renounce Religion, Bend Time, Temporal
Distortion, Slouch, Step From Time


You were on level 1 of the Depths.
You worshipped Cheibriados.
Cheibriados was exalted by your worship.
You were a lightning-filled tempest!
You visited 8 branches of the dungeon, and saw 37 of its levels.
You visited 1 bazaar.
You also visited: Gauntlet and Desolation.

You collected 4806 gold pieces.
You spent 4316 gold pieces at shops.


Innate Abilities, Weirdness & Mutations

You are a lightning-filled tempest!
Your electrical attacks strike out in all directions at once.
You are incredibly evasive.
You are flying.
You are immune to poison.
Your armour is entirely melded.
You are incapable of wielding weapons or throwing items.
((You have very sharp teeth.))
Your uncanny sense of smell can sniff out nearby items.
Your experience applies equally to all skills.
Your spells are a little harder to cast, but a little more powerful.


   Skills:
 + Level 14.9 Fighting
 + Level 14.9 Short Blades
 + Level 14.9 Long Blades
 + Level 14.9 Axes
 + Level 15.1 Maces & Flails
 + Level 14.9 Polearms
 + Level 14.9 Staves
 + Level 14.9 Slings
 + Level 14.9 Bows
 + Level 14.9 Crossbows
 + Level 14.9 Throwing
 + Level 15.1 Armour
 + Level 14.9 Dodging
 + Level 14.9 Stealth
 + Level 14.9 Shields
 + Level 14.9 Unarmed Combat
 + Level 15.1 Spellcasting
 + Level 12.6 Conjurations
 + Level 12.6 Hexes
 + Level 12.6 Summonings
 + Level 12.6 Necromancy
 + Level 12.6 Translocations
 + Level 12.6 Transmutations
 + Level 12.6 Fire Magic
 + Level 12.6 Ice Magic
 + Level 12.6 Air Magic
 + Level 15.1 Earth Magic
 + Level 12.6 Poison Magic
 + Level 16.1 Invocations
 + Level 15.5 Evocations


You had 3 spell levels left.
You knew the following spells:

 Your Spells              Type           Power      Damage    Failure   Level
a - Ozocubu's Armour      Ice            99%        N/A       1%          3
c - Iron Shot             Conj/Erth      51%        9d10      1%          6
e - Apportation           Tloc           100%       N/A       1%          1
i - Storm Form            Tmut/Air       49%        N/A       4%          7
q - Dispel Undead         Necr           99%        3d31      1%          4
x - Orb of Destruction    Conj           49%        9d13      4%          7
y - Manifold Assault      Tloc           99%        N/A       1%          5
z - Sandblast             Erth           100%       2d20      1%          1
C - Spellforged Servitor  Conj/Summ      49%        N/A       4%          7
N - Passwall              Tmut/Erth      85%        N/A       1%          2
X - Irradiate             Conj/Tmut      49%        3d30      1%          5

Your spell library contained the following spells:

 Spells                   Type           Power      Damage    Failure   Level
 Animate Skeleton         Necr           100%       N/A       1%          1
 Beastly Appendage        Tmut           100%       N/A       1%          1
 Foxfire                  Conj/Fire      100%       2x1d9     1%          1
 Freeze                   Ice            100%       1d11      1%          1
 Magic Dart               Conj           100%       1d8       1%          1
 Slow                     Hex            100%       N/A       1%          1
 Summon Small Mammal      Summ           100%       N/A       1%          1
 Blink                    Tloc           100%       N/A       1%          2
 Call Imp                 Summ           99%        N/A       1%          2
 Corpse Rot               Necr/Air       100%       N/A       1%          2
 Ensorcelled Hibernation  Hex/Ice        100%       N/A       1%          2
 Poisonous Vapours        Pois/Air       100%       N/A       1%          2
 Searing Ray              Conj           100%       2d8       1%          2
 Static Discharge         Conj/Air       99%        N/A       1%          2
 Sublimation of Blood     Necr           99%        N/A       1%          2
 Wereblood                Tmut           99%        N/A       1%          2
 Call Canine Familiar     Summ           99%        N/A       1%          3
 Confusing Touch          Hex            99%        N/A       1%          3
 Conjure Flame            Conj/Fire      99%        6-21      1%          3
 Frozen Ramparts          Ice            100%       1d12      1%          3
 Ignite Poison            Fire/Tmut/Pois 99%        N/A       1%          3
 Inner Flame              Hex/Fire       99%        N/A       1%          3
 Mephitic Cloud           Conj/Pois/Air  99%        N/A       1%          3
 Portal Projectile        Hex/Tloc       100%       N/A       1%          3
 Spider Form              Tmut/Pois      99%        N/A       1%          3
 Stone Arrow              Conj/Erth      100%       3d13      1%          3
 Summon Guardian Golem    Hex/Summ       99%        N/A       1%          3
 Swiftness                Air            99%        N/A       1%          3
 Anguish                  Hex/Necr       49%        N/A       1%          4
 Animate Armour           Summ/Erth      100%       N/A       1%          4
 Cause Fear               Hex            49%        N/A       1%          4
 Flame Wave               Conj/Fire      99%        2d13      1%          4
 Hailstorm                Conj/Ice       99%        3d19      1%          4
 Ice Form                 Ice/Tmut       99%        N/A       1%          4
 Leda's Liquefaction      Hex/Erth       51%        N/A       1%          4
 Olgreb's Toxic Radiance  Pois           99%        N/A       1%          4
 Petrify                  Tmut/Erth      100%       N/A       1%          4
 Sticky Flame             Conj/Fire      99%        2d11      1%          4
 Summon Lightning Spire   Summ/Air       99%        N/A       1%          4
 Alistair's Intoxication  Tmut/Pois      66%        N/A       1%          5
 Blade Hands              Tmut           49%        N/A       1%          5
 Borgnjor's Vile Clutch   Necr/Erth      51%        N/A       1%          5
 Fireball                 Conj/Fire      49%        3d19      1%          5
 Metabolic Englaciation   Hex/Ice        49%        N/A       1%          5
 Silence                  Hex/Air        49%        N/A       1%          5
 Yara's Violent Unravell  Hex/Tmut       49%        3d19      1%          5
 Dispersal                Tloc           49%        N/A       1%          6
 Eringya's Noxious Bog    Tmut/Pois      49%        N/A       1%          6
 Simulacrum               Ice/Necr       49%        N/A       1%          6
 Starburst                Conj/Fire      49%        6d14      1%          6
 Statue Form              Tmut/Erth      68%        N/A       1%          6
 Enfeeble                 Hex            49%        N/A       4%          7
 Malign Gateway           Summ/Tloc      49%        N/A       4%          7
 Disjunction              Tloc           49%        N/A       26%         8
 Maxwell's Capacitive Co  Air            49%        ∞         26%         8

Inventory:

Hand Weapons
 a - the +6 shillelagh "Devastator" {shatter}

   It releases a powerful concussive burst when it strikes, dealing extra damage
   to the target and all other foes adjacent to them.
 w - a +9 demon trident of electrocution (melded)
Missiles
 t - 22 throwing nets {=f}
 F - 27 javelins
Armour
 d - the +3 hat of Pondering (melded) {ponderous, Will+ MP+10 Int+5}

   Int:       It affects your intelligence (+5).
   MP:        It affects your magic capacity (+10).
   Will:      It increases your willpower.
 m - a +0 kite shield (melded)
 v - the +0 pair of boots of Noad (melded) {rF++ Int+2}

   Int:       It affects your intelligence (+2).
   rF:        It greatly protects you from fire.
 D - the +2 cloak of Wasefyotz (melded) {rElec Slay+3}

   Slay:      It affects your accuracy & damage with ranged weapons and melee
   (+3).
   rElec:     It insulates you from electricity.
 S - the +6 scale mail "Moru" (melded) {Slay+2}

   Slay:      It affects your accuracy & damage with ranged weapons and melee
   (+2).
 W - the +2 pair of gloves of Cheibriados's Esteem (melded) {Int+2}

   Int:       It affects your intelligence (+2).
Magical Staves
 b - a staff of air
 s - a staff of conjuration {!a}
Jewellery
 e - a ring of resist corrosion
 k - the ring of Agugew (right fist) {Wiz rC+}

   [ring of wizardry]

   It improves your spell success rate.
   rC:        It protects you from cold.
 r - the ring of Ashenzari's Hatred {Str+6 Int+5 Dex-3}

   [ring of strength]

   Str:       It affects your strength (+6).
   Int:       It affects your intelligence (+5).
   Dex:       It affects your dexterity (-3).
 z - a ring of protection from fire
 A - a +4 ring of protection
 J - a +4 ring of protection
 L - the ring of Qeumiago {rC+ Will- EV+4 Str+3 Slay+3}

   [ring of evasion]

   EV:        It affects your evasion (+4).
   Str:       It affects your strength (+3).
   Slay:      It affects your accuracy & damage with ranged weapons and melee
   (+3).
   rC:        It protects you from cold.
   Will:      It decreases your willpower.
 R - an amulet of faith (around neck)
 U - the ring "Ellov" (left fist) {rF+ MP+9 Int+4 SInv}

   [ring of magical power]

   Int:       It affects your intelligence (+4).
   rF:        It protects you from fire.
   MP:        It affects your magic capacity (+9).
   SInv:      It lets you see invisible.
Wands
 c - a wand of charming (8)
 x - a wand of paralysis (7)
 B - a wand of iceblast (35)
 M - a wand of digging (4)
 Y - a wand of mindburst (15)
Scrolls
 g - 2 scrolls of magic mapping
 h - 17 scrolls of teleportation {@r4}
 i - a scroll of silence {!r}
 p - 8 scrolls of fear
 q - 4 scrolls of blinking
 u - 5 scrolls of immolation {!r}
 y - a scroll of fog
 I - 2 scrolls of holy word
 K - 3 scrolls of torment {!r}
 T - 2 scrolls of enchant armour
Potions
 f - 14 potions of mutation {!q}
 j - 4 potions of attraction {!q}
 l - 6 potions of magic
 n - 5 potions of ambrosia
 o - 2 potions of resistance
 C - 10 potions of curing {@q1}
 E - 5 potions of lignification {!q}
 G - 4 potions of cancellation
 H - 4 potions of might
 N - 5 potions of flight
 P - a potion of berserk rage {!q}
 Q - 4 potions of invisibility
 X - 8 potions of brilliance
 Z - 3 potions of heal wounds {@q2}
Miscellaneous
 V - a tin of tremorstones (2/2)

Dungeon Overview and Level Annotations

Branches:
Dungeon (15/15)            Temple (1/1) D:5            Lair (6/6) D:11
 Shoals (4/4) Lair:3        Snake (4/4) Lair:4        Slime (0/5) Lair:5
    Orc (2/2) D:9             Elf (0/3) Orc:2        Vaults (4/5) D:13
  Crypt (0/3) Vaults:2     Depths (1/4) D:15        Desolation (visited)
Gauntlet (visited)

Altars:
Ashenzari
Cheibriados
Dithmenos
Elyvilon
Fedhas
Gozag
Hepliaklqana
Kikubaaqudgha
Makhleb
Nemelex Xobeh
Okawaru
Qazlal
Ru
Sif Muna
Trog
Uskayaw
Vehumet
Wu Jian
Xom
Yredelemnul
Zin
The Shining One
Beogh

Shops:
D:2 [   D:9 (   D:10 !*   D:12 ?   D:15 ?   Orc:2 ?[[(   Snake:2 (
Vaults:2 [(   Vaults:4 [?:

Portals:
Hell: Depths:1

Annotations:
D:11 1 runed translucent door, ThereIsNoGod's ghost, journeyman DrAK

≈#≈..∩..≈≈###.....▒ ▒≈#
≈#:.....≈≈##≈....▒▒▒##
≈≈##≈≈≈≈#≈.≈.........
.≈≈≈#≈≈#≈..........▒
.....≈≈##..........▒
......≈≈≈...#......▒ ≈
.....#..≈....▒.....▒▒▒▒ [.
.^.....≈≈.)..▒▒..)....▒▒#.#
........≈≈...▒▒▒v[.*C†T*#..
.............▒ ▒▒TTT≈*.....
.........#...▒▒▒▒▒..#;.....
........▒)......▒▒▒▒▒▒.....
........+.......▒ ....
▒▒▒▒....▒.......▒ ...
▒▒+▒▒▒.......▒ .. ▒...>...▒
. ▒.......▒


You could see a walking crystal tome, an iron troll, a stone giant, a deep
troll, a deep troll earth mage (strong) and 2 living crystal spells.


Message History

The deep troll completely misses you. The deep troll closely misses you.
The deep troll completely misses you.
Unknown command.
Unknown command.
You blast the deep troll!!!!
You kill the deep troll!
Cheibriados thoroughly appreciates the change of pace.
The troll leather armour is intact enough to wear.
You buffet the deep troll earth mage!
The deep troll earth mage bites you!
The deep troll earth mage completely misses you.
The deep troll earth mage completely misses you.
The stone giant throws a large rock.
The large rock hits you!!
* * * LOW HITPOINT WARNING * * *
The living spell casts itself at you. The crystal spear hits you!!!
* * * LOW HITPOINT WARNING * * *
Unknown command.
Unknown command.
Unknown command.
The deep troll earth mage completely misses you.
The deep troll earth mage barely misses you.
The deep troll earth mage claws you!
* * * LOW HITPOINT WARNING * * *
The walking crystal tome erupts in a flurry of living spells!
The living spell casts itself at you. The crystal spear hits you!!!
You die...

Action                   |  1- 3 |  4- 6 |  7- 9 | 10-12 | 13-15 | 16-18 | 19-21 | 22-24 || total
-------------------------+-------+-------+-------+-------+-------+-------+-------+-------++-------
Melee: Mace              |    93 |    60 |       |       |       |       |       |       ||   153
       Bite              |     6 |    21 |    13 |    15 |    62 |    31 |    38 |       ||   186
       Punch             |     1 |     3 |     2 |     5 |       |       |    44 |     1 ||    56
       Long sword        |       |    58 |       |       |       |       |       |       ||    58
       Flail             |       |    50 |    99 |       |       |       |       |       ||   149
       War axe           |       |       |    25 |       |       |       |       |       ||    25
       Dire flail        |       |       |    12 |       |       |       |       |       ||    12
       Shillelagh        |       |       |     1 |   150 |   431 |   217 |   116 |       ||   915
       Demon trident     |       |       |       |       |       |    73 |   145 |     3 ||   221
       Unarmed           |       |       |       |       |       |       |   380 |    11 ||   391
       Staff             |       |       |       |       |       |       |     8 |       ||     8
Throw: Dart              |       |       |    14 |     6 |       |       |       |       ||    20
 Cast: Sandblast         |    11 |    26 |    19 |    11 |       |       |       |       ||    67
       Stone Arrow       |       |       |    77 |   170 |   181 |       |       |       ||   428
       Iron Shot         |       |       |       |       |    88 |   457 |   123 |    13 ||   681
       Ozocubu's Armour  |       |       |       |       |       |     1 |     3 |       ||     4
       Irradiate         |       |       |       |       |       |     1 |     2 |       ||     3
       Storm Form        |       |       |       |       |       |       |    38 |     1 ||    39
       Spellforged Servi |       |       |       |       |       |       |     3 |       ||     3
       Orb of Destructio |       |       |       |       |       |       |    14 |    11 ||    25
       Apportation       |       |       |       |       |       |       |     6 |       ||     6
       Animate Armour    |       |       |       |       |       |       |     1 |       ||     1
Invok: Bend Time         |       |       |       |     4 |     3 |       |       |       ||     7
       Temporal Distorti |       |       |       |     5 |     1 |     3 |     2 |       ||    11
       Slouch            |       |       |       |     2 |     3 |    10 |     7 |       ||    22
 Abil: Blinkbolt         |       |       |       |       |       |       |    14 |       ||    14
       End Transformatio |       |       |       |       |       |       |     1 |       ||     1
Evoke: Wand              |       |       |       |     3 |     2 |     2 |     2 |       ||     9
  Use: Scroll            |       |       |       |    11 |     7 |    17 |     6 |       ||    41
       Potion            |       |       |       |       |       |       |     4 |     1 ||     5
 Stab: Sleeping          |     1 |     3 |       |       |     3 |       |    11 |       ||    18
       Distracted        |       |       |       |     2 |     1 |     1 |     5 |       ||     9
       Petrified         |       |       |       |       |     2 |       |       |       ||     2
Armor: Leather armour    |    25 |    35 |    35 |     4 |       |       |       |       ||    99
       Scale mail        |       |       |       |   102 |   133 |   115 |    28 |       ||   378
       Skin              |       |       |       |       |       |       |    63 |     2 ||    65
       Robe              |       |       |       |       |       |       |     9 |       ||     9
Dodge: Dodged            |    61 |    91 |   125 |   151 |   286 |   515 |   824 |    21 ||  2074
       Repelled          |       |     3 |       |     2 |     6 |    19 |     1 |       ||    31
Block: Buckler           |       |       |       |    30 |   210 |   254 |    74 |       ||   568
       Reflection        |       |       |       |       |     2 |       |       |       ||     2
       Kite shield       |       |       |       |       |       |       |    71 |     1 ||    72

Levels and vault maps discovered:
D:1:      minmay_arrival_widening_spiral_wide, layout_basic,
          chequers_ecumenical_altar_lobes
D:2:      layout_basic, serial_shops, shop, dk_noncrumbling_2,
          minmay_misc_feat_encased, minmay_misc_feat_hallway,
          grunt_ministairs_10, lemuel_old_faithful
D:3:      layout_basic
D:4:      layout_loops_cross, kennysheep_little_box
D:5:      layout_loops_ring, mainiacjoe_overflow_large_starburst,
          minmay_temple_entry_mini_moons, uniq_menkaure
D:6:      nicolae_BIG_FREAKIN_CUBE, layout_loops_ring,
          mainiacjoe_overflow_small_starburst, mainiacjoe_overflow_swirl,
          fedhas_ov_isle_minmay, grunt_ministairs_2, grunt_decor_arrowhead,
          serial_park_tiny_pond
D:7:      layout_basic, chequers_mini_garden, uniq_prince_ribbit1
D:8:      layout_cave_pools, marbit_many_paths, nicolae_elyvilon_peaceful_grove,
          chequers_serial_rivers_micro_c
D:9:      layout_irregular_city, mainiacjoe_overflow_alcove_1, orc_david_3,
          serial_column_ruins, column_ruins_open_tiny, column_ruins_grid_1,
          column_ruins_grid_1, column_ruins_open_large, minmay_shattered_shrine
D:10:     layout_irregular_city, serial_shops, nicolae_shop_trees,
          nicolae_shop_advertising_works [nicolae_subvault_shop_adworks]
D:11:     layout_small_grid, lair_entry_dummy, ebering_ghost_funeral_grove,
          minmay_diamond_spiral
D:12:     layout_cave_pools, serial_shops, nicolae_lakefront_shop,
          kennysheep_generic_room_8
D:13:     layout_rooms, david_vaults_1, minmay_misc_feat_secret_circle,
          minivault_25, evilmike_butchery
D:14:     layout_long_grid, nicolae_ru_path_of_blood
D:15:     grunt_enter_depths_giant_problem, layout_basic,
          nicolae_uskayaw_murder_on_the_dancefloor, serial_shops, shop,
          door_vault
Temple:   nicolae_temple_no_exploring_needed
Lair:1:   layout_big_grid, serial_bayou_shore_a, infiniplex_staircase_pool_2,
          uniq_harold, uniq_gastronok
Lair:2:   layout_regular_city, grunt_megastairs_3, uniq_fannar
Lair:3:   layout_long_grid, shoals_dummy_entry
Lair:4:   nzn_winding_woodlands_large [nzn_winding_woodlands_5x5_closed_star,
          nzn_winding_woodlands_5x15_longhouse,
          nzn_winding_woodlands_5x5_perimeter,
          nzn_winding_woodlands_center_diamonds,
          nzn_winding_woodlands_15x15_boxy_spiral,
          nzn_winding_woodlands_center_triple_pond,
          nzn_winding_woodlands_5x5_cross, nzn_winding_woodlands_5x15_pockets,
          nzn_winding_woodlands_5x5_three], layout_cave_pods,
          minmay_snake_entry_guardpost_small, gauntlet_entry_generic,
          infiniplex_staircase_pool
Lair:5:   layout_small_grid, nicolae_slime_entry_slimehenge, basic_altar
Lair:6:   gammafunk_lair_ancient_temple, layout_hall_layers, lemuel_fruit_tree
Shoals:1: layout_shoals, lemuel_altar_in_water, dpeg_stationary_puzzle
Shoals:2: layout_shoals
Shoals:3: layout_shoals
Shoals:4: shoals_end_grunt_ice, layout_shoals, yaktaur_hedge, uniq_roxanne
Snake:1:  layout_layer_cave
Snake:2:  layout_layer_cave, nicolae_snake_dead_anacondas, minmay_shop_star,
          uniq_aizul
Snake:3:  layout_chambers, basic_altar
Snake:4:  grunt_snake_rune_pools, layout_grid_shapes
Orc:1:    nicolae_orc_accident_2, layout_caves
Orc:2:    st_orc_town, layout_caves
Vaults:1: portal_desolation_entry_nicolae_nacl, nicolae_vaults_little_squares_4,
          st_cross, nicolae_vaults_twisting_passages,
          nicolae_vaults_circle_grid_b, ontoclasm_vaults_eye,
          nicolae_vaults_network_s, ontoclasm_vaults_ring_square,
          ontoclasm_vaults_shuriken, vaults_dpeg_doors, vaults_room_corners,
          nicolae_vaults_bisected_exclaves, layout_vaults_omnibox, uniq_asterion
Vaults:2: ploomutoo_gammafunk_ghost_potion_laboratory,
          minmay_crypt_entry_nasty_monster, st_quartered_hall, v_misc_19,
          nicolae_vaults_three_branches, vaults_dpeg_ring,
          layout_vaults_omnigrid, serial_shops, shop_fountains,
          nicolae_square_shop, uniq_frederick, uniq_bai_suzhen, uniq_margery
Vaults:3: vaults_mumra_minichess, nicolae_vaults_circle_grid_a,
          ontoclasm_vaults_bender, v_misc_12, hangedman_vaults_locks, v_misc_14,
          v_misc_5, vaults_mumra_hex, v_misc_12, nicolae_vaults_little_ls,
          layout_vaults_chaotic_city, uniq_saint_roka, uniq_jory
Vaults:4: special_room_vaults [special_room_orc], ontoclasm_vaults_tryst,
          nicolae_vaults_network_square, hangedman_vaults_capsules, v_misc_10,
          v_misc_25, grunt_vaults_funnel, layout_vaults_omnicross, serial_shops,
          bzr_entry_lakeside, shop, shop_fountains, shop_statue
Depths:1: layout_basic, hellmouth_3, rand_demon_pan_entry_8,
          minmay_hollow_rounded_squares, uniq_sojobo

Notes
Turn   | Place    | Note
-------+----------+-------------------------------------------
     0 | D:1      | sanka the Gnoll Wanderer began the quest for the Orb.
     0 | D:1      | sanka set off with the following items: a +0 mace, a wand
                  | of polymorph (7), 25 stones, a +0 leather armour; and the
                  | following spell memorised: Sandblast; and the following
                  | spells available to memorise: Stone Arrow, Animate Armour
     0 | D:1      | Reached XP level 1. HP: 13/13 MP: 4/4
    94 | D:1      | Found a faded altar of an unknown god.
   258 | D:1      | Reached XP level 2. HP: 19/19 MP: 5/5
   754 | D:1      | Reached XP level 3. HP: 23/25 MP: 4/7
   758 | D:1      | Learned a level 3 spell: Stone Arrow
  1436 | D:2      | Reached skill level 1 in Invocations
  1453 | D:2      | Reached skill level 1 in Fighting
  1453 | D:2      | Reached skill level 1 in Short Blades
  1453 | D:2      | Reached skill level 1 in Long Blades
  1453 | D:2      | Reached skill level 1 in Axes
  1453 | D:2      | Reached skill level 1 in Polearms
  1453 | D:2      | Reached skill level 1 in Staves
  1453 | D:2      | Reached skill level 1 in Slings
  1453 | D:2      | Reached skill level 1 in Bows
  1453 | D:2      | Reached skill level 1 in Crossbows
  1453 | D:2      | Reached skill level 1 in Throwing
  1453 | D:2      | Reached skill level 1 in Dodging
  1453 | D:2      | Reached skill level 1 in Stealth
  1453 | D:2      | Reached skill level 1 in Shields
  1453 | D:2      | Reached skill level 1 in Unarmed Combat
  1916 | D:2      | Found Syhyif's Antique Armour Emporium.
  1950 | D:2      | Reached XP level 4. HP: 13/32 MP: 4/8
  2893 | D:2      | Reached skill level 3 in Spellcasting
  3934 | D:3      | Reached skill level 1 in Conjurations
  3934 | D:3      | Reached skill level 1 in Hexes
  3934 | D:3      | Reached skill level 1 in Summonings
  3934 | D:3      | Reached skill level 1 in Necromancy
  3934 | D:3      | Reached skill level 1 in Translocations
  3934 | D:3      | Reached skill level 1 in Transmutations
  3934 | D:3      | Reached skill level 1 in Fire Magic
  3934 | D:3      | Reached skill level 1 in Ice Magic
  3934 | D:3      | Reached skill level 1 in Air Magic
  3934 | D:3      | Reached skill level 1 in Poison Magic
  4152 | D:3      | Reached XP level 5. HP: 5/37 MP: 6/9
  4152 | D:3      | HP: 2/37 [something (3)]
  4154 | D:3      | Reached skill level 3 in Maces & Flails
  4154 | D:3      | Reached skill level 3 in Armour
  5263 | D:4      | Reached skill level 2 in Invocations
  5263 | D:4      | Reached XP level 6. HP: 13/44 MP: 4/10
  5927 | D:4      | Found a stormy altar of Qazlal.
  6481 | D:5      | Entered Level 5 of the Dungeon
  6498 | D:5      | HP: 4/44 [water moccasin zombie (4)]
  6500 | D:5      | Reached skill level 2 in Fighting
  6500 | D:5      | Reached skill level 2 in Short Blades
  6500 | D:5      | Reached skill level 2 in Long Blades
  6500 | D:5      | Reached skill level 2 in Axes
  6500 | D:5      | Reached skill level 2 in Polearms
  6500 | D:5      | Reached skill level 2 in Staves
  6500 | D:5      | Reached skill level 2 in Slings
  6500 | D:5      | Reached skill level 2 in Bows
  6500 | D:5      | Reached skill level 2 in Crossbows
  6500 | D:5      | Reached skill level 2 in Throwing
  6500 | D:5      | Reached skill level 2 in Dodging
  6500 | D:5      | Reached skill level 2 in Stealth
  6500 | D:5      | Reached skill level 2 in Shields
  6500 | D:5      | Reached skill level 2 in Unarmed Combat
  6500 | D:5      | Reached skill level 5 in Evocations
  6790 | D:5      | Noticed a necrophage
  6797 | D:5      | Killed a necrophage
  6798 | D:5      | Reached skill level 9 in Earth Magic
  6857 | D:5      | Reached XP level 7. HP: 24/50 MP: 12/12
  7493 | D:5      | Reached skill level 2 in Conjurations
  7493 | D:5      | Reached skill level 2 in Hexes
  7493 | D:5      | Reached skill level 2 in Summonings
  7493 | D:5      | Reached skill level 2 in Necromancy
  7493 | D:5      | Reached skill level 2 in Translocations
  7493 | D:5      | Reached skill level 2 in Transmutations
  7493 | D:5      | Reached skill level 2 in Fire Magic
  7493 | D:5      | Reached skill level 2 in Ice Magic
  7493 | D:5      | Reached skill level 2 in Air Magic
  7493 | D:5      | Reached skill level 2 in Poison Magic
  7508 | D:5      | HP: 5/51 [iguana (6)]
  7866 | D:5      | Found an ornate altar of the Wu Jian Council.
  7881 | D:5      | Noticed Menkaure
  7883 | D:5      | Killed Menkaure
  7884 | D:5      | Reached skill level 4 in Spellcasting
  7884 | D:5      | Reached skill level 3 in Invocations
  7936 | D:5      | Found a hazy altar of Hepliaklqana.
  7940 | D:5      | Found a staircase to the Ecumenical Temple.
  7971 | Temple   | Entered the Ecumenical Temple
  7985 | Temple   | Became a worshipper of Cheibriados the Contemplative
  8491 | D:5      | Reached skill level 4 in Maces & Flails
  8491 | D:5      | Reached skill level 4 in Armour
  8491 | D:5      | Reached XP level 8. HP: 16/55 MP: 10/14
  8718 | D:5      | Reached skill level 3 in Fighting
  8718 | D:5      | Reached skill level 3 in Short Blades
  8718 | D:5      | Reached skill level 3 in Long Blades
  8718 | D:5      | Reached skill level 3 in Axes
  8718 | D:5      | Reached skill level 3 in Polearms
  8718 | D:5      | Reached skill level 3 in Staves
  8718 | D:5      | Reached skill level 3 in Slings
  8718 | D:5      | Reached skill level 3 in Bows
  8718 | D:5      | Reached skill level 3 in Crossbows
  8718 | D:5      | Reached skill level 3 in Throwing
  8718 | D:5      | Reached skill level 3 in Dodging
  8718 | D:5      | Reached skill level 3 in Stealth
  8718 | D:5      | Reached skill level 3 in Shields
  8718 | D:5      | Reached skill level 3 in Unarmed Combat
  9645 | D:6      | Reached skill level 3 in Conjurations
  9645 | D:6      | Reached skill level 3 in Hexes
  9645 | D:6      | Reached skill level 3 in Summonings
  9645 | D:6      | Reached skill level 3 in Necromancy
  9645 | D:6      | Reached skill level 3 in Translocations
  9645 | D:6      | Reached skill level 3 in Transmutations
  9645 | D:6      | Reached skill level 3 in Fire Magic
  9645 | D:6      | Reached skill level 3 in Ice Magic
  9645 | D:6      | Reached skill level 3 in Air Magic
  9645 | D:6      | Reached skill level 3 in Poison Magic
  9645 | D:6      | Reached skill level 4 in Invocations
  9839 | D:6      | Found a glowing silver altar of Zin.
  9888 | D:6      | Found a blossoming altar of Fedhas.
  9912 | D:6      | Reached * piety under Cheibriados
 10310 | D:6      | Found a sparkling altar of Nemelex Xobeh.
 10451 | D:6      | Reached skill level 6 in Evocations
 10577 | D:6      | Found a basalt altar of Yredelemnul.
 10778 | D:7      | Reached XP level 9. HP: 53/65 MP: 16/16
 11102 | D:7      | Reached skill level 4 in Fighting
 11102 | D:7      | Reached skill level 4 in Short Blades
 11102 | D:7      | Reached skill level 4 in Long Blades
 11102 | D:7      | Reached skill level 4 in Axes
 11102 | D:7      | Reached skill level 4 in Polearms
 11102 | D:7      | Reached skill level 4 in Staves
 11102 | D:7      | Reached skill level 4 in Slings
 11102 | D:7      | Reached skill level 4 in Bows
 11102 | D:7      | Reached skill level 4 in Crossbows
 11102 | D:7      | Reached skill level 4 in Throwing
 11102 | D:7      | Reached skill level 4 in Dodging
 11102 | D:7      | Reached skill level 4 in Stealth
 11102 | D:7      | Reached skill level 4 in Shields
 11102 | D:7      | Reached skill level 4 in Unarmed Combat
 11102 | D:7      | Reached skill level 5 in Spellcasting
 11272 | D:7      | Noticed a hornet
 11337 | D:7      | Killed a hornet
 11338 | D:7      | Reached skill level 5 in Maces & Flails
 11338 | D:7      | Reached skill level 5 in Armour
 11518 | D:7      | Noticed Prince Ribbit
 11524 | D:7      | Killed Prince Ribbit
 11723 | D:7      | Learned a level 1 spell: Apportation
 11905 | D:7      | Reached ** piety under Cheibriados
 11916 | D:7      | Reached skill level 5 in Invocations
 12237 | D:7      | Learned a level 2 spell: Passwall
 12716 | D:8      | Found the +6 shillelagh "Devastator" {shatter}
 12759 | D:8      | Reached skill level 4 in Conjurations
 12759 | D:8      | Reached skill level 4 in Hexes
 12759 | D:8      | Reached skill level 4 in Summonings
 12759 | D:8      | Reached skill level 4 in Necromancy
 12759 | D:8      | Reached skill level 4 in Translocations
 12759 | D:8      | Reached skill level 4 in Transmutations
 12759 | D:8      | Reached skill level 4 in Fire Magic
 12759 | D:8      | Reached skill level 4 in Ice Magic
 12759 | D:8      | Reached skill level 4 in Air Magic
 12759 | D:8      | Reached skill level 4 in Poison Magic
 12759 | D:8      | Reached XP level 10. HP: 73/73 MP: 18/18
 12967 | D:8      | Reached skill level 5 in Fighting
 12967 | D:8      | Reached skill level 5 in Short Blades
 12967 | D:8      | Reached skill level 5 in Long Blades
 12967 | D:8      | Reached skill level 5 in Axes
 12967 | D:8      | Reached skill level 5 in Polearms
 12967 | D:8      | Reached skill level 5 in Staves
 12967 | D:8      | Reached skill level 5 in Slings
 12967 | D:8      | Reached skill level 5 in Bows
 12967 | D:8      | Reached skill level 5 in Crossbows
 12967 | D:8      | Reached skill level 5 in Throwing
 12967 | D:8      | Reached skill level 5 in Dodging
 12967 | D:8      | Reached skill level 5 in Stealth
 12967 | D:8      | Reached skill level 5 in Shields
 12967 | D:8      | Reached skill level 5 in Unarmed Combat
 13298 | D:8      | Found a white marble altar of Elyvilon.
 13313 | D:8      | Identified the +6 scale mail "Moru" {Slay+2}
 13610 | D:8      | Found a burning altar of Makhleb.
 13679 | D:8      | Reached skill level 7 in Evocations
 13816 | D:9      | Reached *** piety under Cheibriados
 13867 | D:9      | Reached skill level 6 in Spellcasting
 14069 | D:9      | Reached skill level 6 in Maces & Flails
 14069 | D:9      | Reached skill level 6 in Armour
 14235 | D:9      | Reached skill level 6 in Invocations
 14240 | D:9      | Noticed a tengu warrior
 14240 | D:9      | Noticed a centaur warrior
 14264 | D:9      | Killed a tengu warrior
 14265 | D:9      | Reached skill level 10 in Earth Magic
 14419 | D:9      | Killed a centaur warrior
 14420 | D:9      | Reached XP level 11. HP: 58/81 MP: 20/20
 14920 | D:9      | Noticed a cyclops
 14934 | D:9      | Reached skill level 6 in Fighting
 14934 | D:9      | Reached skill level 6 in Short Blades
 14934 | D:9      | Reached skill level 6 in Long Blades
 14934 | D:9      | Reached skill level 6 in Axes
 14934 | D:9      | Reached skill level 6 in Polearms
 14934 | D:9      | Reached skill level 6 in Staves
 14934 | D:9      | Reached skill level 6 in Slings
 14934 | D:9      | Reached skill level 6 in Bows
 14934 | D:9      | Reached skill level 6 in Crossbows
 14934 | D:9      | Reached skill level 6 in Throwing
 14934 | D:9      | Reached skill level 6 in Dodging
 14934 | D:9      | Reached skill level 6 in Stealth
 14934 | D:9      | Reached skill level 6 in Shields
 14934 | D:9      | Reached skill level 6 in Unarmed Combat
 15038 | D:9      | Killed a cyclops
 15039 | D:9      | Reached skill level 5 in Conjurations
 15039 | D:9      | Reached skill level 5 in Hexes
 15039 | D:9      | Reached skill level 5 in Summonings
 15039 | D:9      | Reached skill level 5 in Necromancy
 15039 | D:9      | Reached skill level 5 in Translocations
 15039 | D:9      | Reached skill level 5 in Transmutations
 15039 | D:9      | Reached skill level 5 in Fire Magic
 15039 | D:9      | Reached skill level 5 in Ice Magic
 15039 | D:9      | Reached skill level 5 in Air Magic
 15039 | D:9      | Reached skill level 5 in Poison Magic
 15119 | D:9      | Reached **** piety under Cheibriados
 15343 | D:9      | Found a bloodstained altar of Trog.
 15375 | D:9      | Found a staircase to the Orcish Mines.
 15375 | D:9      | Found Hezih's Weapon Shop.
 15659 | D:9      | Noticed a cyan ugly thing
 15664 | D:9      | Killed a cyan ugly thing
 16069 | D:2      | Bought a pair of runed gloves for 195 gold pieces
 16069 | D:2      | Bought a pair of embroidered boots for 195 gold pieces
 16297 | D:10     | Entered Level 10 of the Dungeon
 16308 | D:10     | Noticed a two-headed ogre
 16313 | D:10     | Killed a two-headed ogre
 16583 | D:10     | Noticed a cyclops
 16591 | D:10     | Killed a cyclops
 16592 | D:10     | Reached skill level 7 in Spellcasting
 16592 | D:10     | Reached skill level 7 in Invocations
 16799 | D:10     | Found Xueluar's General Store.
 16807 | D:10     | Bought a potion of heal wounds for 60 gold pieces
 16807 | D:10     | Bought a scroll of teleportation for 36 gold pieces
 16846 | D:10     | Noticed a two-headed ogre
 16851 | D:10     | Killed a two-headed ogre
 16852 | D:10     | Reached skill level 7 in Maces & Flails
 16852 | D:10     | Reached skill level 7 in Armour
 16852 | D:10     | Reached skill level 8 in Evocations
 17192 | D:10     | Found Hanuduto's Distillery.
 17480 | D:10     | Bought a potion of curing for 39 gold pieces
 17503 | D:11     | Noticed a centaur warrior
 17507 | D:11     | Noticed a centaur warrior
 17647 | D:11     | Noticed a four-headed hydra
 17648 | D:11     | Noticed a mana viper
 17654 | D:11     | Killed a centaur warrior
 17800 | D:11     | Noticed a shock serpent
 17822 | D:11     | a shock serpent changed into a floating eye
 17859 | D:11     | Noticed a deep troll
 17882 | D:11     | Noticed a faun
 17882 | D:11     | a deep troll changed into a faun
 17894 | D:11     | Killed a faun
 17894 | D:11     | Reached ***** piety under Cheibriados
 17981 | D:11     | Killed a centaur warrior
 17982 | D:11     | Reached XP level 12. HP: 44/89 MP: 3/23
 17992 | D:11     | Noticed a two-headed ogre
 18163 | D:11     | Killed a two-headed ogre
 18223 | D:11     | Killed a four-headed hydra
 18224 | D:11     | Reached skill level 7 in Fighting
 18224 | D:11     | Reached skill level 7 in Short Blades
 18224 | D:11     | Reached skill level 7 in Long Blades
 18224 | D:11     | Reached skill level 7 in Axes
 18224 | D:11     | Reached skill level 7 in Polearms
 18224 | D:11     | Reached skill level 7 in Staves
 18224 | D:11     | Reached skill level 7 in Slings
 18224 | D:11     | Reached skill level 7 in Bows
 18224 | D:11     | Reached skill level 7 in Crossbows
 18224 | D:11     | Reached skill level 7 in Throwing
 18224 | D:11     | Reached skill level 7 in Dodging
 18224 | D:11     | Reached skill level 7 in Stealth
 18224 | D:11     | Reached skill level 7 in Shields
 18224 | D:11     | Reached skill level 7 in Unarmed Combat
 18326 | D:11     | Identified the ring of Ashenzari's Hatred {Str+6 Int+5
                  | Dex-3}
 18328 | D:11     | Identified the ring "Ellov" {rF+ MP+9 Int+4 SInv}
 18337 | D:11     | Learned a level 4 spell: Dispel Undead
 18389 | D:11     | Noticed a centaur warrior
 18471 | D:11     | Killed a centaur warrior
 18558 | D:11     | Reached skill level 6 in Conjurations
 18558 | D:11     | Reached skill level 6 in Hexes
 18558 | D:11     | Reached skill level 6 in Summonings
 18558 | D:11     | Reached skill level 6 in Necromancy
 18558 | D:11     | Reached skill level 6 in Translocations
 18558 | D:11     | Reached skill level 6 in Transmutations
 18558 | D:11     | Reached skill level 6 in Fire Magic
 18558 | D:11     | Reached skill level 6 in Ice Magic
 18558 | D:11     | Reached skill level 6 in Air Magic
 18558 | D:11     | Reached skill level 6 in Poison Magic
 18700 | D:11     | Reached skill level 8 in Invocations
 18755 | D:11     | Found a staircase to the Lair.
 18984 | D:11     | Found a runed translucent door.
 18987 | D:11     | Noticed ThereIsNoGod's ghost (journeyman DrAK)
 18988 | D:11     | Identified the +3 spear of Pofexous {pain, Fly Will- rCorr
                  | Int+6}
 19296 | D:12     | Noticed a two-headed ogre
 19299 | D:12     | Killed a two-headed ogre
 19302 | D:12     | Reached skill level 8 in Spellcasting
 19311 | D:12     | Reached skill level 8 in Maces & Flails
 19311 | D:12     | Reached skill level 8 in Armour
 19652 | Lair:1   | Entered Level 1 of the Lair of Beasts
 19821 | Lair:1   | Noticed Harold
 19855 | Lair:1   | Killed Harold
 19856 | Lair:1   | Reached skill level 9 in Evocations
 20101 | Lair:1   | Identified the +8 great mace of the Harvest {spect, Fly
                  | rN++ Will- rCorr}
 20116 | Lair:1   | Noticed Gastronok
 20118 | Lair:1   | Noticed a five-headed hydra
 20148 | Lair:1   | Killed Gastronok
 20176 | Lair:1   | Killed a five-headed hydra
 20582 | Lair:1   | Reached XP level 13. HP: 98/98 MP: 25/25
 21041 | Lair:2   | Noticed Fannar
 21052 | Lair:2   | Reached skill level 11 in Earth Magic
 21073 | Lair:2   | Killed Fannar
 21294 | Lair:2   | Reached skill level 8 in Fighting
 21294 | Lair:2   | Reached skill level 8 in Short Blades
 21294 | Lair:2   | Reached skill level 8 in Long Blades
 21294 | Lair:2   | Reached skill level 8 in Axes
 21294 | Lair:2   | Reached skill level 8 in Polearms
 21294 | Lair:2   | Reached skill level 8 in Staves
 21294 | Lair:2   | Reached skill level 8 in Slings
 21294 | Lair:2   | Reached skill level 8 in Bows
 21294 | Lair:2   | Reached skill level 8 in Crossbows
 21294 | Lair:2   | Reached skill level 8 in Throwing
 21294 | Lair:2   | Reached skill level 8 in Dodging
 21294 | Lair:2   | Reached skill level 8 in Stealth
 21294 | Lair:2   | Reached skill level 8 in Shields
 21294 | Lair:2   | Reached skill level 8 in Unarmed Combat
 22058 | Lair:3   | Identified +0 steam dragon scales
 22091 | Lair:3   | Reached skill level 9 in Invocations
 22896 | Lair:3   | Reached skill level 7 in Conjurations
 22896 | Lair:3   | Reached skill level 7 in Hexes
 22896 | Lair:3   | Reached skill level 7 in Summonings
 22896 | Lair:3   | Reached skill level 7 in Necromancy
 22896 | Lair:3   | Reached skill level 7 in Translocations
 22896 | Lair:3   | Reached skill level 7 in Transmutations
 22896 | Lair:3   | Reached skill level 7 in Fire Magic
 22896 | Lair:3   | Reached skill level 7 in Ice Magic
 22896 | Lair:3   | Reached skill level 7 in Air Magic
 22896 | Lair:3   | Reached skill level 7 in Poison Magic
 23062 | Lair:3   | Reached skill level 9 in Spellcasting
 23133 | Lair:3   | Reached skill level 9 in Maces & Flails
 23133 | Lair:3   | Reached skill level 9 in Armour
 23784 | Lair:3   | Found a staircase to the Shoals.
 23996 | Lair:4   | Identified a scroll of acquirement
 23996 | Lair:4   | Acquired the ring of Qeumiago {rC+ Will- EV+4 Str+3 Slay+3}
 24083 | Lair:4   | Found a staircase to the Snake Pit.
 24095 | Lair:4   | Found a gate leading to a gauntlet.
 24102 | Gauntlet | Entered a Gauntlet
 24102 | Gauntlet | Found a transporter.
 24122 | Gauntlet | Found a transporter.
 24125 | Gauntlet | Found a transporter.
 24126 | Gauntlet | Found a transporter.
 24137 | Gauntlet | Found a transporter.
 24137 | Gauntlet | Found a transporter.
 24138 | Gauntlet | Found a transporter.
 24150 | Gauntlet | Found a transporter.
 24151 | Gauntlet | Found a transporter.
 24151 | Gauntlet | Found a transporter.
 24159 | Gauntlet | Found a transporter.
 24162 | Gauntlet | Found a transporter.
 24163 | Gauntlet | Found a transporter.
 24167 | Gauntlet | Found a runed translucent door.
 24167 | Gauntlet | Found a runed translucent door.
 24171 | Gauntlet | Found a transporter.
 24262 | Gauntlet | Gained mutation: Your spells are a little harder to cast,
                  | but a little more powerful. [a shining eye]
 24403 | Gauntlet | Reached skill level 10 in Evocations
 24403 | Gauntlet | Reached XP level 14. HP: 106/106 MP: 27/27
 24558 | Gauntlet | Identified the +2 pair of gloves of Fywiufo {Harm rF+}
 24623 | Gauntlet | Reached skill level 9 in Fighting
 24623 | Gauntlet | Reached skill level 9 in Short Blades
 24623 | Gauntlet | Reached skill level 9 in Long Blades
 24623 | Gauntlet | Reached skill level 9 in Axes
 24623 | Gauntlet | Reached skill level 9 in Polearms
 24623 | Gauntlet | Reached skill level 9 in Staves
 24623 | Gauntlet | Reached skill level 9 in Slings
 24623 | Gauntlet | Reached skill level 9 in Bows
 24623 | Gauntlet | Reached skill level 9 in Crossbows
 24623 | Gauntlet | Reached skill level 9 in Throwing
 24623 | Gauntlet | Reached skill level 9 in Dodging
 24623 | Gauntlet | Reached skill level 9 in Stealth
 24623 | Gauntlet | Reached skill level 9 in Shields
 24623 | Gauntlet | Reached skill level 9 in Unarmed Combat
 24919 | Gauntlet | Identified a scarf of resistance
 25058 | Lair:4   | Reached skill level 10 in Invocations
 25140 | Lair:4   | Identified the -1 buckler "Oserr" {Dex+5 Stlth-}
 25166 | Lair:4   | Learned a level 3 spell: Ozocubu's Armour
 25172 | Lair:4   | Learned a level 5 spell: Manifold Assault
 25324 | Lair:4   | Got the Reference Book on Conjuration and the Mountains
 25326 | Lair:4   | Got the Volume of Feathers and Illusion
 25334 | Lair:4   | Learned a level 6 spell: Iron Shot
 25339 | Lair:4   | Learned a level 4 spell: Leda's Liquefaction
 25826 | Lair:4   | Paralysed by a hornet for 2 turns
 25830 | Lair:4   | Paralysed by a hornet for 1 turns
 26683 | Lair:5   | Found a staircase to the Slime Pits.
 26768 | Lair:5   | Found a sacrificial altar of Ru.
 27204 | Lair:5   | Reached skill level 10 in Spellcasting
 27243 | Lair:5   | Reached skill level 8 in Conjurations
 27243 | Lair:5   | Reached skill level 8 in Hexes
 27243 | Lair:5   | Reached skill level 8 in Summonings
 27243 | Lair:5   | Reached skill level 8 in Necromancy
 27243 | Lair:5   | Reached skill level 8 in Translocations
 27243 | Lair:5   | Reached skill level 8 in Transmutations
 27243 | Lair:5   | Reached skill level 8 in Fire Magic
 27243 | Lair:5   | Reached skill level 8 in Ice Magic
 27243 | Lair:5   | Reached skill level 8 in Air Magic
 27243 | Lair:5   | Reached skill level 8 in Poison Magic
 27302 | Lair:5   | Identified the ring "Etinud" {MP+9 Dex+3}
 27788 | Lair:6   | Entered Level 6 of the Lair of Beasts
 27869 | Lair:6   | Reached skill level 10 in Maces & Flails
 27869 | Lair:6   | Reached skill level 10 in Armour
 27994 | Lair:6   | Reached XP level 15. HP: 108/115 MP: 29/29
 28454 | Lair:6   | Reached skill level 12 in Earth Magic
 28739 | Lair:6   | Reached ****** piety under Cheibriados
 28849 | Lair:6   | Reached skill level 11 in Evocations
 28885 | Lair:6   | Reached skill level 10 in Fighting
 28885 | Lair:6   | Reached skill level 10 in Short Blades
 28885 | Lair:6   | Reached skill level 10 in Long Blades
 28885 | Lair:6   | Reached skill level 10 in Axes
 28885 | Lair:6   | Reached skill level 10 in Polearms
 28885 | Lair:6   | Reached skill level 10 in Staves
 28885 | Lair:6   | Reached skill level 10 in Slings
 28885 | Lair:6   | Reached skill level 10 in Bows
 28885 | Lair:6   | Reached skill level 10 in Crossbows
 28885 | Lair:6   | Reached skill level 10 in Throwing
 28885 | Lair:6   | Reached skill level 10 in Dodging
 28885 | Lair:6   | Reached skill level 10 in Stealth
 28885 | Lair:6   | Reached skill level 10 in Shields
 28885 | Lair:6   | Reached skill level 10 in Unarmed Combat
 29618 | Orc:1    | Entered Level 1 of the Orcish Mines
 30251 | Orc:2    | Entered Level 2 of the Orcish Mines
 30277 | Orc:2    | Reached skill level 11 in Invocations
 30455 | Orc:2    | Found a staircase to the Elven Halls.
 30846 | Orc:2    | Found Kaxirua's Antique Weapon Emporium.
 30978 | Orc:2    | Found Lunyh's Antique Armour Boutique.
 31021 | Orc:2    | Found Racloy's Antique Armour Emporium.
 31212 | Orc:2    | Found Ariaxamiem's Magic Scroll Boutique.
 32821 | D:12     | Found Honigek's Magic Scroll Shoppe.
 34346 | D:13     | Found a gate to the Vaults.
 34528 | D:14     | Reached XP level 16. HP: 110/123 MP: 30/30
 34704 | D:14     | Reached skill level 11 in Spellcasting
 34967 | D:14     | Reached skill level 11 in Maces & Flails
 34967 | D:14     | Reached skill level 11 in Armour
 35211 | D:14     | Reached skill level 9 in Conjurations
 35211 | D:14     | Reached skill level 9 in Hexes
 35211 | D:14     | Reached skill level 9 in Summonings
 35211 | D:14     | Reached skill level 9 in Necromancy
 35211 | D:14     | Reached skill level 9 in Translocations
 35211 | D:14     | Reached skill level 9 in Transmutations
 35211 | D:14     | Reached skill level 9 in Fire Magic
 35211 | D:14     | Reached skill level 9 in Ice Magic
 35211 | D:14     | Reached skill level 9 in Air Magic
 35211 | D:14     | Reached skill level 9 in Poison Magic
 35413 | D:14     | Found a sacrificial altar of Ru.
 35461 | D:15     | Entered Level 15 of the Dungeon
 35700 | D:15     | Found Meugal's Magic Scroll Shop.
 35729 | D:15     | Found a staircase to the Depths.
 35927 | D:15     | Found a huge runed gate.
 35927 | D:15     | Found a huge runed gate.
 35927 | D:15     | Found a huge runed gate.
 35928 | D:15     | Found a huge runed gate.
 35929 | D:15     | Found a huge runed gate.
 35930 | D:15     | Found a huge runed gate.
 35930 | D:15     | Found a huge runed gate.
 35931 | D:15     | Found a huge runed gate.
 35932 | D:15     | Found a huge runed gate.
 36151 | D:15     | Found a huge runed gate.
 36152 | D:15     | Found a huge runed gate.
 36153 | D:15     | Found a huge runed gate.
 36153 | D:15     | Found a huge runed gate.
 36153 | D:15     | Found a huge runed gate.
 36154 | D:15     | Found a huge runed gate.
 36154 | D:15     | Found a huge runed gate.
 36155 | D:15     | Found a huge runed gate.
 36156 | D:15     | Found a huge runed gate.
 36158 | D:15     | Found a huge runed gate.
 36159 | D:15     | Found a huge runed gate.
 36226 | D:15     | Found a hide-covered altar of Uskayaw.
 36525 | D:15     | Found a huge runed gate.
 36525 | D:15     | Found a huge runed gate.
 36525 | D:15     | Found a huge runed gate.
 36526 | D:15     | Found a huge runed gate.
 36526 | D:15     | Found a huge runed gate.
 36526 | D:15     | Found a huge runed gate.
 36527 | D:15     | Found a huge runed gate.
 36529 | D:15     | Found a huge runed gate.
 36530 | D:15     | Found a huge runed gate.
 36531 | D:15     | Found a huge runed gate.
 36532 | D:15     | Found a huge runed gate.
 36533 | D:15     | Found a huge runed gate.
 36541 | D:15     | Found a huge runed gate.
 36541 | D:15     | Found a huge runed gate.
 36541 | D:15     | Found a huge runed gate.
 36541 | D:15     | Found a huge runed gate.
 36882 | D:15     | Noticed a storm dragon
 36887 | D:15     | Noticed a shadow dragon
 36917 | D:15     | Killed a shadow dragon
 37073 | D:15     | Noticed a storm dragon
 37085 | D:15     | Reached skill level 11 in Fighting
 37085 | D:15     | Reached skill level 11 in Short Blades
 37085 | D:15     | Reached skill level 11 in Long Blades
 37085 | D:15     | Reached skill level 11 in Axes
 37085 | D:15     | Reached skill level 11 in Polearms
 37085 | D:15     | Reached skill level 11 in Staves
 37085 | D:15     | Reached skill level 11 in Slings
 37085 | D:15     | Reached skill level 11 in Bows
 37085 | D:15     | Reached skill level 11 in Crossbows
 37085 | D:15     | Reached skill level 11 in Throwing
 37085 | D:15     | Reached skill level 11 in Dodging
 37085 | D:15     | Reached skill level 11 in Stealth
 37085 | D:15     | Reached skill level 11 in Shields
 37085 | D:15     | Reached skill level 11 in Unarmed Combat
 37125 | D:15     | Noticed a storm dragon
 37140 | D:15     | Reached skill level 12 in Invocations
 37352 | D:15     | Killed a storm dragon
 37358 | D:15     | Killed a storm dragon
 37359 | D:15     | Reached skill level 12 in Evocations
 37506 | D:15     | Killed a storm dragon
 37666 | D:15     | Identified the +10 glaive of Midnight {flame, Str+2}
 37931 | Snake:1  | Entered Level 1 of the Snake Pit
 39508 | Snake:2  | Reached XP level 17. HP: 131/131 MP: 32/32
 40101 | Snake:2  | Noticed Aizul
 40347 | Snake:2  | Found Onurisim's Antique Weapon Shoppe.
 40614 | Snake:2  | Killed Aizul
 40685 | Snake:2  | Learned a level 5 spell: Irradiate
 40690 | Snake:2  | Learned a level 4 spell: Animate Armour
 40850 | Snake:3  | Reached skill level 13 in Earth Magic
 40987 | Snake:3  | Reached skill level 12 in Spellcasting
 41301 | Snake:3  | Found a basalt altar of Yredelemnul.
 41613 | Snake:3  | Reached skill level 12 in Maces & Flails
 41613 | Snake:3  | Reached skill level 12 in Armour
 41810 | Snake:3  | Identified the +2 leather armour of Pleasant Breezes {rN++
                  | Dex-3}
 43150 | Snake:3  | Reached skill level 10 in Conjurations
 43150 | Snake:3  | Reached skill level 10 in Hexes
 43150 | Snake:3  | Reached skill level 10 in Summonings
 43150 | Snake:3  | Reached skill level 10 in Necromancy
 43150 | Snake:3  | Reached skill level 10 in Translocations
 43150 | Snake:3  | Reached skill level 10 in Transmutations
 43150 | Snake:3  | Reached skill level 10 in Fire Magic
 43150 | Snake:3  | Reached skill level 10 in Ice Magic
 43150 | Snake:3  | Reached skill level 10 in Air Magic
 43150 | Snake:3  | Reached skill level 10 in Poison Magic
 43814 | Snake:4  | Entered Level 4 of the Snake Pit
 44365 | Snake:4  | Reached skill level 13 in Invocations
 44486 | Snake:4  | Reached skill level 12 in Fighting
 44486 | Snake:4  | Reached skill level 12 in Short Blades
 44486 | Snake:4  | Reached skill level 12 in Long Blades
 44486 | Snake:4  | Reached skill level 12 in Axes
 44486 | Snake:4  | Reached skill level 12 in Polearms
 44486 | Snake:4  | Reached skill level 12 in Staves
 44486 | Snake:4  | Reached skill level 12 in Slings
 44486 | Snake:4  | Reached skill level 12 in Bows
 44486 | Snake:4  | Reached skill level 12 in Crossbows
 44486 | Snake:4  | Reached skill level 12 in Throwing
 44486 | Snake:4  | Reached skill level 12 in Dodging
 44486 | Snake:4  | Reached skill level 12 in Stealth
 44486 | Snake:4  | Reached skill level 12 in Shields
 44486 | Snake:4  | Reached skill level 12 in Unarmed Combat
 44967 | Snake:4  | Reached XP level 18. HP: 140/140 MP: 27/34
 45768 | Snake:4  | Reached skill level 13 in Evocations
 47460 | Snake:4  | Got a serpentine rune of Zot
 47620 | Shoals:1 | Entered Level 1 of the Shoals
 47688 | Shoals:1 | Identified a potion of resistance
 47689 | Shoals:1 | Found a shimmering altar of Xom.
 49300 | Shoals:2 | Identified the +5 spear "Nazack" {freeze, Dex+2}
 51239 | Shoals:3 | Reached skill level 13 in Spellcasting
 52340 | D:12     | Bought a scroll of enchant armour for 127 gold pieces
 52340 | D:12     | Bought a scroll of enchant weapon for 127 gold pieces
 53163 | Shoals:4 | Entered Level 4 of the Shoals
 53166 | Shoals:4 | Reached skill level 13 in Maces & Flails
 53166 | Shoals:4 | Reached skill level 13 in Armour
 54150 | Shoals:3 | Acquired 1045 gold pieces
 54411 | Orc:2    | Bought a distressingly furry chain mail for 237 gold pieces
 54411 | Orc:2    | Identified the +1 chain mail of Refuge {-Tele rCorr Str+3
                  | Slay+6} (You bought it in a shop on level 2 of the Orcish
                  | Mines)
 54443 | Orc:2    | Bought glowing gold dragon scales for 2075 gold pieces
 54443 | Orc:2    | Identified +1 gold dragon scales (You bought it in a shop
                  | on level 2 of the Orcish Mines)
 54826 | Shoals:4 | Reached XP level 19. HP: 135/148 MP: 36/36
 54898 | Shoals:4 | Identified Roxanne's Compendium of Changing
 54898 | Shoals:4 | Noticed Roxanne
 55231 | Shoals:4 | Reached skill level 14 in Invocations
 55490 | Shoals:4 | Got a barnacled rune of Zot
 55818 | Shoals:4 | Reached skill level 11 in Conjurations
 55818 | Shoals:4 | Reached skill level 11 in Hexes
 55818 | Shoals:4 | Reached skill level 11 in Summonings
 55818 | Shoals:4 | Reached skill level 11 in Necromancy
 55818 | Shoals:4 | Reached skill level 11 in Translocations
 55818 | Shoals:4 | Reached skill level 11 in Transmutations
 55818 | Shoals:4 | Reached skill level 11 in Fire Magic
 55818 | Shoals:4 | Reached skill level 11 in Ice Magic
 55818 | Shoals:4 | Reached skill level 11 in Air Magic
 55818 | Shoals:4 | Reached skill level 11 in Poison Magic
 56038 | Shoals:4 | Reached skill level 13 in Fighting
 56038 | Shoals:4 | Reached skill level 13 in Short Blades
 56038 | Shoals:4 | Reached skill level 13 in Long Blades
 56038 | Shoals:4 | Reached skill level 13 in Axes
 56038 | Shoals:4 | Reached skill level 13 in Polearms
 56038 | Shoals:4 | Reached skill level 13 in Staves
 56038 | Shoals:4 | Reached skill level 13 in Slings
 56038 | Shoals:4 | Reached skill level 13 in Bows
 56038 | Shoals:4 | Reached skill level 13 in Crossbows
 56038 | Shoals:4 | Reached skill level 13 in Throwing
 56038 | Shoals:4 | Reached skill level 13 in Dodging
 56038 | Shoals:4 | Reached skill level 13 in Stealth
 56038 | Shoals:4 | Reached skill level 13 in Shields
 56038 | Shoals:4 | Reached skill level 13 in Unarmed Combat
 56050 | Shoals:4 | Identified the amulet "Gameotwa" {Faith rC- Will+ Stlth+}
 56903 | Shoals:4 | Killed Roxanne
 56918 | Shoals:4 | Learned a level 7 spell: Storm Form
 57237 | D:12     | Identified a +1 robe of resistance
 57324 | Vaults:1 | Entered Level 1 of the Vaults
 57324 | Vaults:1 | Noticed Asterion
 57334 | Vaults:1 | Killed Asterion
 57774 | Vaults:1 | Reached skill level 14 in Earth Magic
 57798 | Vaults:1 | Found a crumbling gateway.
 57821 | Desolati | Entered the Desolation of Salt
 57822 | Desolati | Upgraded the game from 0.28-a0-1510-gd0f6b136d3 to
                  | 0.28-a0-1518-gbe868bca14
 57881 | Desolati | Got the Almanac of Hexes
 57886 | Desolati | Identified the ring of No Interval {Ice rElec rN+}
 57890 | Desolati | Identified the ring "Nenehu" {rN+ Will+}
 57932 | Desolati | Reached skill level 14 in Evocations
 58007 | Desolati | Identified the +4 war axe "Demonslayer" {vamp, Fragile
                  | rCorr Dex+3}
 58030 | Desolati | Identified the +11 hand axe "Leixt" {flame, rPois rC+ MP+9
                  | Stlth-}
 58455 | Desolati | Identified the +1 buckler of the Eternal Fruit {+Inv}
 58465 | Desolati | Identified +1 shadow dragon scales
 58480 | Desolati | Identified the ring of Agugew {Wiz rC+}
 58485 | Desolati | Got the Guide on Igneous Stones
 58661 | Desolati | Got the Handbook of Conjuration and Transformation
 59052 | Desolati | Learned a level 7 spell: Spellforged Servitor
 59118 | Vaults:1 | Got the Volume of the Venomous Volcanoes
 59246 | Vaults:1 | Reached XP level 20. HP: 157/157 MP: 37/37
 60671 | Vaults:2 | Noticed Bai Suzhen
 60678 | Vaults:2 | Killed Bai Suzhen
 60679 | Vaults:2 | Reached skill level 14 in Spellcasting
 60786 | Vaults:2 | Found a runed translucent gate.
 60786 | Vaults:2 | Found a runed translucent gate.
 60787 | Vaults:2 | Found a runed translucent gate.
 60840 | Vaults:2 | Noticed Frederick
 60844 | Vaults:2 | Reached skill level 14 in Maces & Flails
 60844 | Vaults:2 | Reached skill level 14 in Armour
 60846 | Vaults:2 | HP: 11/158 [spellforged servitor/iron shot[Frederick] (57)]
 61313 | Vaults:2 | Killed Frederick
 61431 | Vaults:2 | Found Ecupsouf's Antique Armour Shop.
 61439 | Vaults:2 | Bought a pair of translucent boots for 361 gold pieces
 61439 | Vaults:2 | Identified the +0 pair of boots of Noad {rF++ Int+2} (You
                  | bought it in a shop on level 2 of the Vaults)
 61439 | Vaults:2 | Bought a pair of faintly humming gloves for 361 gold pieces
 61439 | Vaults:2 | Identified the +2 pair of gloves of Cheibriados's Esteem
                  | {Int+2} (You bought it in a shop on level 2 of the Vaults)
 61439 | Vaults:2 | Bought an embroidered cloak for 285 gold pieces
 61562 | Vaults:2 | Found Zudgh's Weapon Shop.
 61641 | Vaults:2 | Identified +0 storm dragon scales
 61641 | Vaults:2 | Noticed Margery
 61653 | Vaults:1 | Reached skill level 15 in Invocations
 62036 | Vaults:2 | Found a staircase to the Crypt.
 62116 | Vaults:2 | Killed Margery
 62279 | Vaults:2 | Reached skill level 14 in Fighting
 62279 | Vaults:2 | Reached skill level 14 in Short Blades
 62279 | Vaults:2 | Reached skill level 14 in Long Blades
 62279 | Vaults:2 | Reached skill level 14 in Axes
 62279 | Vaults:2 | Reached skill level 14 in Polearms
 62279 | Vaults:2 | Reached skill level 14 in Staves
 62279 | Vaults:2 | Reached skill level 14 in Slings
 62279 | Vaults:2 | Reached skill level 14 in Bows
 62279 | Vaults:2 | Reached skill level 14 in Crossbows
 62279 | Vaults:2 | Reached skill level 14 in Throwing
 62279 | Vaults:2 | Reached skill level 14 in Dodging
 62279 | Vaults:2 | Reached skill level 14 in Stealth
 62279 | Vaults:2 | Reached skill level 14 in Shields
 62279 | Vaults:2 | Reached skill level 14 in Unarmed Combat
 62615 | Vaults:2 | Reached skill level 12 in Conjurations
 62615 | Vaults:2 | Reached skill level 12 in Hexes
 62615 | Vaults:2 | Reached skill level 12 in Summonings
 62615 | Vaults:2 | Reached skill level 12 in Necromancy
 62615 | Vaults:2 | Reached skill level 12 in Translocations
 62615 | Vaults:2 | Reached skill level 12 in Transmutations
 62615 | Vaults:2 | Reached skill level 12 in Fire Magic
 62615 | Vaults:2 | Reached skill level 12 in Ice Magic
 62615 | Vaults:2 | Reached skill level 12 in Air Magic
 62615 | Vaults:2 | Reached skill level 12 in Poison Magic
 62618 | Vaults:2 | Found a runed translucent gate.
 62618 | Vaults:2 | Found a runed translucent gate.
 62649 | Vaults:2 | Found a runed translucent gate.
 62649 | Vaults:2 | Noticed Taoger's ghost (adept DsTm)
 62674 | Vaults:2 | Killed Taoger's ghost
 62675 | Vaults:2 | Reached XP level 21. HP: 151/165 MP: 30/39
 62687 | Vaults:2 | Identified the +2 cloak of Wasefyotz {rElec Slay+3}
 64533 | Lair:3   | Learned a level 7 spell: Orb of Destruction
 64941 | Vaults:3 | Reached skill level 15 in Evocations
 65661 | Vaults:3 | Noticed Jory
 65667 | Vaults:3 | Killed Jory
 66104 | Vaults:3 | Noticed Saint Roka
 66113 | Vaults:3 | Killed Saint Roka
 66802 | Vaults:4 | Found Voram's Magic Scroll Boutique.
 67032 | Vaults:4 | Found a flickering gateway to a bazaar.
 67058 | Bazaar   | Entered a bazaar
 67066 | Bazaar   | Found Qitygyd's Book Shop.
 67066 | Bazaar   | Found Mexkeako's Antique Armour Shop.
 67136 | Bazaar   | Bought a glimmering chain mail for 218 gold pieces
 67136 | Bazaar   | Identified the +1 chain mail of Misanthropy {rN+} (You
                  | bought it in a shop in a bazaar)
 67593 | Vaults:4 | Found Hoteonin's Book Emporium.
 67644 | Vaults:4 | Reached skill level 15 in Earth Magic
 68526 | Vaults:4 | Found Iwkoboyl's Antique Armour Boutique.
 68720 | Vaults:4 | Reached skill level 15 in Spellcasting
 69074 | Depths:1 | Entered Level 1 of the Depths
 69132 | Depths:1 | Reached skill level 16 in Invocations
 69152 | Depths:1 | Reached skill level 15 in Maces & Flails
 69152 | Depths:1 | Reached skill level 15 in Armour
 69205 | Depths:1 | Reached XP level 22. HP: 77/174 MP: 37/41
 69463 | Depths:1 | Found a gateway to Hell.
 69524 | Depths:1 | Identified +0 fire dragon scales
 69912 | Depths:1 | Noticed Sojobo
 69928 | Depths:1 | Killed Sojobo
 69931 | Depths:1 | Killed from afar by a living spell

Vanquished Creatures
  Sojobo (Depths:1)
  Bai Suzhen (Vaults:2)
  Frederick (Vaults:2)
  Margery (Vaults:2)
  Saint Roka (Vaults:3)
  Jory (Vaults:3)
  The ghost of Taoger the Eclecticist, an adept DsTm of Cheibriados (Vaults:2)
  3 tentacled monstrosities (Vaults:2)
  A lich (Vaults:2)
  Asterion (Vaults:1)
  A kraken (Shoals:4)
  Gastronok (Lair:1)
  A sphinx (Vaults:3)
  3 storm dragons (D:15)
  Roxanne (Shoals:4)
  4 tengu reavers
  2 shadow dragons
  6 nagarajas (Snake:4)
  A fire giant (D:15)
  3 frost giants
  2 imperial myrmidons (Desolation)
  3 orc warlords
  9 vault wardens
  Aizul (Snake:2)
  A cacodemon (Vaults:2)
  3 war gargoyles (Vaults:3)
  10 ironbound thunderhulks
  3 stone giants
  12 ironbound preservers
  5 very ugly things
  8 dire elephants
  3 entropy weavers
  3 halazid warlocks (Desolation)
  A minotaur (Gauntlet)
  A spark wasp (Depths:1)
  An ettin (Depths:1)
  4 crystal guardians
  8 merfolk impalers
  Fannar (Lair:2)
  2 great orbs of eyes
  6 merfolk javelineers (Shoals:4)
  2 vault guards (Vaults:4)
  2 fire dragons
  Harold (Lair:1)
  5 ragged hierophants (Desolation)
  A great orb of eyes (shapeshifter) (Vaults:2)
  12 hydras
  A deep elf high priest (D:15)
  8 yaktaur captains
  6 servants of whispers (Desolation)
  12 naga warriors
  5 ironbound frosthearts
  5 boulder beetles
  6 peacekeepers
  A catoblepas (Lair:6)
  An ogre mage (Vaults:2)
  A merfolk aquamancer (Shoals:4)
  5 merfolk avatars
  2 deep troll shamans (Depths:1)
  8 two-headed ogres
  13 anacondas
  17 centaur warriors
  3 satyrs
  18 death yaks
  2 tengu warriors
  3 hell hogs (Depths:1)
  9 orc high priests
  A deep troll earth mage (Depths:1)
  A titan zombie (Vaults:3)
  10 naga sharpshooters
  3 hell knights
  5 shock serpents
  4 soul eaters (Depths:1)
  4 sun demons (Depths:1)
  2 fire crabs (shapeshifter)
  A fire crab (Lair:4)
  An iron troll (Depths:1)
  4 skeletal warriors (D:15)
  3 anaconda zombies (Snake:2)
  A salamander mystic (Snake:4)
  4 spectral anacondas (Snake:2)
  23 sea snakes
  25 deep trolls
  5 naga ritualists
  A glowing orange brain (Vaults:2)
  9 wizards
  3 phantasmal warriors (D:15)
  18 ironbound convokers
  5 lindwurms
  8 orc knights
  2 harpies (shapeshifter)
  4 anaconda skeletons (Snake:2)
  A lindwurm (shapeshifter) (Depths:1)
  10 harpies
  8 cyclopes
  20 fauns
  9 mana vipers
  3 deep elf pyromancers
  5 orc sorcerers
  A faun (shapeshifter) (D:11)
  27 ugly things
  10 manticores
  An oklob plant (Shoals:1)
  4 necromancers
  A shining eye (Gauntlet)
  A salamander (shapeshifter) (Vaults:2)
  14 salamanders
  16 elephants
  A guardian serpent (shapeshifter) (Vaults:2)
  2 smoke demons (Depths:1)
  8 vault sentinels
  8 guardian serpents
  9 merfolk sirens
  An elephant (shapeshifter) (Vaults:2)
  30 black mambas
  A black mamba (shapeshifter) (Vaults:2)
  7 water nymphs
  20 naga magi
  A molten gargoyle (Desolation)
  9 cane toads
  A hellion (Depths:1)
  A torpor snail (Lair:5)
  2 gargoyles
  3 kobold demonologists (D:11)
  2 unseen horrors
  16 komodo dragons
  A yaktaur (shapeshifter) (Vaults:2)
  7 rime drakes
  6 anaconda simulacra (Snake:2)
  An efreet (Gauntlet)
  24 yaktaurs
  A freezing wraith (D:9)
  9 trolls
  2 tarantellas (Vaults:1)
  3 meliai (D:13)
  9 wind drakes
  4 hornets
  40 merfolk
  12 blink frogs
  39 saltlings
  A raiju (shapeshifter) (Vaults:2)
  10 snapping turtles
  43 slime creatures
  Prince Ribbit (D:7)
  8 dream sheep
  4 flying skulls (Gauntlet)
  3 shadows
  A jumping spider (Vaults:3)
  15 yaks
  An ettin skeleton (Vaults:3)
  6 small abominations (Gauntlet)
  3 water elementals
  A wraith (D:12)
  7 wyverns
  3 fire elementals (Gauntlet)
  6 basilisks
  6 vampire mosquitoes
  2 steam dragons
  2 redbacks
  4 wargs (Orc:2)
  45 nagas
  An acid dragon (D:13)
  Menkaure (D:5)
  17 water moccasins
  2 large abominations (Gauntlet)
  2 floating eyes (Gauntlet)
  2 hell hounds (Gauntlet)
  2 ice beasts
  3 black bears
  A hornet zombie (D:9)
  A human zombie (Vaults:3)
  43 orc warriors
  8 wolves
  2 ogres (Orc:1)
  3 sky beasts
  3 necrophages
  6 centaurs
  10 kobold brigands
  3 phantoms
  16 bullfrogs
  2 scorpions
  An ogre simulacrum (Vaults:3)
  A water moccasin zombie (D:5)
  A wyvern skeleton (D:7)
  14 killer bees
  5 wights (D:8)
  An electric eel (Lair:4)
  5 howler monkeys
  A bullfrog zombie (D:5)
  A centaur zombie (D:6)
  A hound (D:5)
  5 jellies
  46 orc priests
  An iguana (D:5)
  20 orc wizards
  5 hell rats (Lair:6)
  3 gnolls (D:4)
  A howler monkey zombie (D:8)
  5 adders
  2 shadow imps
  A white imp (D:6)
  An adder skeleton (D:4)
  A worm (D:2)
  4 dart slugs
  94 orcs
  5 ball pythons
  3 bats (D:3)
  11 endoplasms
  4 giant cockroaches
  8 goblins
  2 hobgoblins
  8 jackals
  2 quokkas
  7 frilled lizards
  30 kobolds
  6 rats
  A tentacle (Shoals:4)
1436 creatures vanquished.

Vanquished Creatures (others)
  A centaur (D:15)
  A butterfly (D:8)
  30 fungi
  136 plants
  3 tentacles (Shoals:4)
171 creatures vanquished.

Grand Total: 1607 creatures vanquished
